 Dungeon Crawl Stone Soup version 0.29.1-1-gd02db6906a (webtiles) character file.

Game seed: 2178247441670293310

18655 lonewolfV2 the Cleaver (level 12, 0/106 HPs)
             Began as a Demonspawn Berserker on Oct 15, 2022.
             Was an Elder of Trog.
             Killed by divine providence
             ... invoked by an orc priest
              (15 damage)
             ... on level 12 of the Dungeon.
             The game lasted 00:31:23 (18940 turns).

lonewolfV2 the Cleaver (Demonspawn Berserker)      Turns: 18940, Time: 00:31:23

Health: 0/106      AC:  8    Str: 30    XL:     12   Next: 29%
Magic:  12/12      EV: 15    Int: 13    God:    Trog [****..]
Gold:   461        SH:  5    Dex: 14    Spells: 11/11 levels left

rFire   . . .      SeeInvis .   f - +8 war axe "Cookie Cutter" {freeze, Str+2 Int+5}
rCold   . . .      Faith    .   (no shield)
rNeg    + . .      Spirit   .   p - +2 robe {Will+}
rPois   +          Reflect  +   (no helmet)
rElec   .          Harm     .   (no cloak)
rCorr   .          Rampage  .   (no gloves)
Will    +++..                   (no boots)
Stlth   +++.......              k - amulet of reflection
HPRegen 1.27/turn               q - ring of positive energy
MPRegen 0.13/turn               r - +6 ring of strength

@: strong-willed, regenerating
A: hooves 2, slimy green scales 3, powered by pain 2, robust 1
a: Renounce Religion, Berserk, Trog's Hand, Brothers in Arms


You were on level 12 of the Dungeon.
You worshipped Trog.
Trog was greatly pleased with you.
You visited 2 branches of the dungeon, and saw 13 of its levels.

You collected 641 gold pieces.
You spent 180 gold pieces at shops.

Inventory:

Hand Weapons
 f - the +8 war axe "Cookie Cutter" (weapon) {freeze, Str+2 Int+5}
   (You acquired it on level 2 of the Dungeon)

   It freezes those it strikes, dealing additional cold damage.
   It can also slow down cold-blooded creatures.
   Str:       It affects your strength (+2).
   Int:       It affects your intelligence (+5).
 j - a +1 spectral spear
Armour
 b - a +0 animal skin
 p - a +2 robe of willpower (worn)
Jewellery
 k - an amulet of reflection (around neck)
 q - a ring of positive energy (left hand)
 r - a +6 ring of strength (right hand)
 u - a ring of fire
 C - a ring of resist corrosion
Wands
 c - a wand of polymorph (12)
 d - a wand of roots (28)
 v - a wand of flame (81)
 D - a wand of charming (5)
Scrolls
 e - 4 scrolls of teleportation
 g - a scroll of enchant armour
 t - a scroll of fear
 x - a scroll of enchant weapon
 y - 2 scrolls of silence
 z - 4 scrolls of identify
 A - a scroll of immolation
 F - a scroll of magic mapping
Potions
 a - 5 potions of attraction
 h - a potion of berserk rage
 i - 8 potions of cancellation
 l - 3 potions of flight
 m - 3 potions of haste
 n - a potion of lignification
 w - a potion of invisibility
 E - a potion of magic
 G - 2 potions of degeneration {unknown}
 H - a potion of might


   Skills:
 + Level 9.8 Fighting
 + Level 13.3 Axes
 + Level 1.4(8.6) Polearms
 + Level 2.0 Armour
 + Level 7.6 Dodging
 + Level 5.5 Stealth
 + Level 5.2 Shields


You had 11 spell levels left.
You didn't know any spells.
Your spell library was empty.

Dungeon Overview and Level Annotations

Branches:
Dungeon (12/15)            Temple (0/1) D:6            Lair (1/5) D:9
    Orc: D:9-12

Altars:
Cheibriados
Fedhas
Kikubaaqudgha
Ru
Uskayaw
Vehumet
Wu Jian
Xom

Shops:
D:7 :   D:11 :[?

Annotations:
D:12 Maurice


Innate Abilities, Weirdness & Mutations

You have hoof-like feet.
You are completely covered in slimy green scales. (AC +4, rPois)
You sometimes gain power by taking damage.
You are robust. (+10% HP)


Message History

The slime creature hits you but does no damage.
The slime creature misses you. The slime creature hits you!
The slime creature hits you but does no damage.
Your skin crawls.
You feel strong-willed. You block Maurice's attack.
The slime creature misses you. The slime creature hits you!
The slime creature closely misses you. The slime creature hits you!
* * * LOW HITPOINT WARNING * * *
Your ogre goes berserk!
Trog will no longer gift you weapons. Maurice hits you with a +5 dagger!
* * * LOW HITPOINT WARNING * * *
Maurice steals your condenser vane! The slime creature barely misses you.
The slime creature hits you!
* * * LOW HITPOINT WARNING * * *
The slime creature hits you.
* * * LOW HITPOINT WARNING * * *
The slime creature hits you but does no damage.
Okay, then.
Blink to where?
Press: ? - help, Dir - move target An orc priest comes into view.
It is wielding a +0 club.
As you read the scroll of blinking, it crumbles to dust.
Maurice casts a spell.
Maurice blinks!
Okay, then.
Your skin crawls.
You feel strong-willed.
You hear a shout!
Your ogre rages.
You hear a shout!
The slime creature hits your ogre!
Your ogre barely misses the slime creature.
A kobold demonologist comes into view. It is wielding a +0 dagger.
Your ogre hits the slime creature with a +0 giant club!!
The slime creature hits your ogre!
The orc priest invokes the aid of Beogh against you.
Beogh smites you!
You die...

....##.........
...............
..............#
.............##.
#..............
.#.............
.K...........# .
.......@.....##..
##.......o.......
##...............
......JJ...........
##.......JOJ........
.##........##..........
...#....#..##..........
#.......[.@............
.......................


You could see 4 slime creatures, Maurice (swift), a kobold demonologist, an orc
priest and a friendly ogre (summoned, berserk).

Vanquished Creatures
  A hydra (D:8)
  A boulder beetle (D:11)
  A two-headed ogre (D:9)
  2 necromancers (D:11)
  A cyclops (D:11)
  An elephant (Lair:1)
  9 centaur skeletons (D:11)
  5 centaur zombies (D:11)
  Psyche (D:8)
  3 trolls (D:10)
  Prince Ribbit (D:6)
  4 hornets
  A slime creature (D:12)
  A vampire (D:11)
  6 shadows
  5 yaks (D:11)
  A wyvern (Lair:1)
  4 flying skulls (D:11)
  7 wraiths
  Grum (D:9)
  A steam dragon (D:9)
  2 acid dragons
  A water moccasin (Lair:1)
  4 orc warriors
  An ice beast (D:5)
  An ogre (D:5)
  2 wolves (D:9)
  5 centaurs
  5 kobold brigands
  Blork the orc (D:4)
  3 bullfrogs (D:7)
  A necrophage (D:5)
  A gnoll sergeant (D:4)
  14 wights
  7 scorpions
  17 killer bees
  7 howler monkeys
  4 jellies
  An orc priest (D:8)
  2 hounds
  2 gnoll boudas
  3 iguanas
  7 orc wizards
  A boggart zombie (D:11)
  12 gnolls
  A howler monkey skeleton (D:11)
  7 adders
  A shadow imp (D:7)
  2 white imps
  An ufetubus (D:5)
  3 dart slugs
  25 orcs
  5 ball pythons
  18 endoplasms
  A giant cockroach (D:2)
  11 goblins
  5 hobgoblins
  3 quokkas
  5 bats
  2 frilled lizards (D:3)
  37 kobolds
  4 rats (D:3)
292 creatures vanquished.

Vanquished Creatures (others)
  A gnoll (D:8)
  6 fungi
  6 plants (D:9)
  9 toadstools (D:3)
22 creatures vanquished.

Grand Total: 314 creatures vanquished

Notes
Turn   | Place    | Note
-------+----------+-------------------------------------------
     0 | D:1      | lonewolfV2 the Demonspawn Berserker began the quest for the
                  | Orb.
     0 | D:1      | Reached XP level 1. HP: 18/18 MP: 1/1
   635 | D:1      | Found a faded altar of an unknown god.
   857 | D:2      | Gained mutation: You are partially covered in slimy green
                  | scales. (AC +2) [demonic ancestry]
   857 | D:2      | Reached XP level 2. HP: 21/24 MP: 2/2
   887 | D:2      | Reached skill level 3 in Axes
  1551 | D:2      | Gained mutation: You sometimes gain a little power by
                  | taking damage. [demonic ancestry]
  1551 | D:2      | Reached XP level 3. HP: 15/29 MP: 3/3
  2116 | D:2      | Found a shimmering altar of Xom.
  2147 | D:2      | Identified a scroll of acquirement
  2147 | D:2      | Acquired the +8 war axe "Cookie Cutter" {freeze, Str+2
                  | Int+5}
  2992 | D:3      | Gained mutation: You sometimes gain power by taking damage.
                  | [demonic ancestry]
  2992 | D:3      | Reached XP level 4. HP: 34/35 MP: 4/4
  3050 | D:3      | Identified the +2 leather armour of Xom's Whim {rCorr Int+7
                  | Slay-6 Stlth+}
  3482 | D:3      | Found a snail-covered altar of Cheibriados.
  3511 | D:3      | Reached ** piety under Trog
  3641 | D:3      | Reached skill level 1 in Stealth
  3661 | D:3      | Reached skill level 4 in Axes
  3661 | D:3      | Reached XP level 5. HP: 37/42 MP: 5/5
  3965 | D:4      | Gained mutation: You are mostly covered in slimy green
                  | scales. (AC +3) [demonic ancestry]
  3965 | D:4      | Reached XP level 6. HP: 45/48 MP: 6/6
  3989 | D:4      | Noticed Blork the orc
  4007 | D:4      | Killed Blork the orc
  4008 | D:4      | Reached skill level 5 in Axes
  4645 | D:4      | You fall into a shaft and drop 1 floor!
  4645 | D:5      | Entered Level 5 of the Dungeon
  4900 | D:4      | Gained mutation: You have large cloven feet. [demonic
                  | ancestry]
  4900 | D:4      | Reached XP level 7. HP: 13/55 MP: 7/7
  5776 | D:5      | Reached skill level 6 in Axes
  6172 | D:5      | Reached skill level 5 in Fighting
  6406 | D:5      | Reached XP level 8. HP: 45/62 MP: 8/8
  6953 | D:6      | Found a staircase to the Ecumenical Temple.
  7911 | D:6      | Noticed Prince Ribbit
  7934 | D:6      | Killed Prince Ribbit
  7935 | D:6      | Reached skill level 7 in Axes
  8585 | D:7      | Found a large runed translucent door.
  8586 | D:7      | Found a large runed translucent door.
  8599 | D:7      | Found a blossoming altar of Fedhas.
  8649 | D:7      | Found a sacrificial altar of Ru.
  8734 | D:7      | Reached skill level 8 in Axes
  8790 | D:7      | Reached *** piety under Trog
  8794 | D:7      | Gained mutation: You are robust. (+10% HP) [demonic
                  | ancestry]
  8794 | D:7      | Reached XP level 9. HP: 52/75 MP: 9/9
  9360 | D:7      | Found Kihopoowk's Book Emporium.
  9387 | D:7      | Found an ancient bone altar of Kikubaaqudgha.
 10144 | D:8      | Noticed Psyche
 10159 | D:8      | Killed Psyche
 10160 | D:8      | Reached skill level 1 in Shields
 10176 | D:8      | Reached skill level 9 in Axes
 10180 | D:7      | HP: 2/78 [poisoned by a killer bee]
 10825 | D:8      | Reached skill level 5 in Dodging
 11279 | D:8      | Found a radiant altar of Vehumet.
 11407 | D:8      | Noticed a five-headed hydra
 11415 | D:8      | Killed a five-headed hydra
 11783 | D:8      | Reached XP level 10. HP: 84/86 MP: 10/10
 12292 | D:9      | Reached skill level 10 in Axes
 12643 | D:9      | Reached skill level 1 in Polearms
 12875 | D:9      | Found a staircase to the Lair.
 12902 | Lair:1   | Entered Level 1 of the Lair of Beasts
 13027 | Lair:1   | Noticed an elephant
 13030 | Lair:1   | Noticed an elephant
 13031 | Lair:1   | Noticed an elephant
 13031 | Lair:1   | Noticed an elephant
 13032 | Lair:1   | Noticed an elephant
 13035 | Lair:1   | Noticed an elephant
 13042 | Lair:1   | Killed an elephant
 13307 | D:9      | Noticed a two-headed ogre
 13314 | D:9      | Killed a two-headed ogre
 14084 | D:9      | Reached **** piety under Trog
 14687 | D:9      | Noticed Grum
 14698 | D:9      | Killed Grum
 14900 | D:9      | Found an ornate altar of the Wu Jian Council.
 15072 | D:10     | Entered Level 10 of the Dungeon
 15115 | D:10     | Reached skill level 11 in Axes
 15115 | D:10     | Reached skill level 5 in Stealth
 15818 | D:10     | Gained mutation: You are completely covered in slimy green
                  | scales. (AC +4, rPois) [demonic ancestry]
 15818 | D:10     | Reached XP level 11. HP: 54/94 MP: 11/11
 16594 | D:11     | Found Modong's Antique Armour Boutique.
 17121 | D:11     | Found Tehiesu's Magic Scroll Shop.
 17139 | D:11     | Bought a scroll of identify for 36 gold pieces
 17139 | D:11     | Bought a scroll of identify for 36 gold pieces
 17139 | D:11     | Bought a scroll of identify for 36 gold pieces
 17139 | D:11     | Bought a scroll of identify for 36 gold pieces
 17139 | D:11     | Bought a scroll of identify for 36 gold pieces
 17320 | D:11     | Reached skill level 12 in Axes
 17334 | D:11     | Noticed a necromancer
 17345 | D:11     | Noticed a necromancer
 17356 | D:11     | Killed a necromancer
 17429 | D:11     | HP: 3/97 [centaur warrior skeleton (8)]
 17523 | D:11     | Gained mutation: You have hoof-like feet. [demonic
                  | ancestry]
 17523 | D:11     | Reached XP level 12. HP: 34/104 MP: 12/12
 17529 | D:11     | Reached ***** piety under Trog
 17530 | D:11     | Reached skill level 5 in Shields
 17809 | D:11     | Reached skill level 13 in Axes
 18010 | D:11     | Noticed a boulder beetle
 18044 | D:11     | Killed a boulder beetle
 18460 | D:11     | Found a hide-covered altar of Uskayaw.
 18531 | D:11     | Found Mesoi's Book Shop.
 18912 | D:12     | Noticed Maurice
 18931 | D:12     | HP: 5/106 [slime creature (10)]
 18940 | D:12     | Killed from afar by an orc priest

Illustrated notes

Levels and vault maps discovered:
D:1:      tarquinn_simple_flora_water_e, layout_basic,
          ebering_ecumenical_altar_abandoned
D:2:      layout_loops_corners, basic_altar, minmay_tiny_reverse_x
D:3:      cheibrodos_fertilizer, layout_loops_ring,
          mainiacjoe_overflow_alcove_4, minmay_misc_feat_four_crosses
D:4:      layout_rooms, uniq_blork_the_orc
D:5:      layout_loops_cross, kennysheep_generic_room_16
D:6:      layout_layer_cave, minmay_temple_entry_water_ring, uniq_prince_ribbit1
D:7:      layout_basic, mainiacjoe_overflow_boulevard, jmf_multi_god_temple2,
          serial_shops, nicolae_shop_stone, abandoned_shop
D:8:      layout_basic, vehumet_altar_wand_db, enter_bailey_3,
          grunt_ministairs_3, kennysheep_generic_room_13, uniq_psyche
D:9:      layout_irregular_city, nicolae_wu_jian_glorious_leap,
          lair_entry_dummy, serial_bayou_lagoon_a, uniq_grum
D:10:     layout_loops_ring
D:11:     hangedman_screamer, layout_loops_ring, serial_shops, shop,
          shop_statue, nicolae_shop_window_shopping, nicolae_uskayaw_en_pointe
D:12:     layout_cave_pools, erik_orc_4, uniq_maurice
Lair:1:   layout_cave_pods

Skill      XL: |  1  2  3  4  5  6  7  8  9 10 11 12 |
---------------+-------------------------------------+-----
Armour         | 2 |  2.0
Axes           | 3 4 5 6 8 9 11 12 13 | 13.3
Dodging        | 2 3 4 5 6 7 |  7.6
Stealth        | 1 2 3 4 5 |  5.5
Fighting       | 4 5 6 7 8 9 |  9.8
Shields        | 2 3 4 5 |  5.2
Polearms       | 1 |  1.4

Action                   |  1- 3 |  4- 6 |  7- 9 | 10-12 || total
-------------------------+-------+-------+-------+-------++-------
Melee: Hand axe          |    74 |       |       |       ||    74
       War axe           |    31 |    94 |   186 |   352 ||   663
       Punch             |       |     1 |     1 |     7 ||     9
       Kick              |       |       |    28 |   130 ||   158
       Spear             |       |       |     4 |       ||     4
Invok: Berserk           |     1 |     1 |     1 |       ||     3
       Trog's Hand       |       |     1 |     4 |     7 ||    12
       Brothers in Arms  |       |       |       |     1 ||     1
Evoke: Condenser vane    |       |       |       |     1 ||     1
  Use: Scroll            |    10 |     2 |     4 |    10 ||    26
       Potion            |       |     1 |    12 |     5 ||    18
 Stab: Sleeping          |     2 |     1 |     2 |     5 ||    10
       Distracted        |       |       |       |     1 ||     1
Armor: Animal skin       |    41 |    24 |    31 |       ||    96
       Robe              |       |       |    15 |   122 ||   137
Dodge: Dodged            |    94 |    59 |   154 |   292 ||   599
Block: Other             |       |       |    45 |    94 ||   139
       Reflection        |       |       |     6 |     1 ||     7
